 Dungeon Crawl Stone Soup version 0.22-a0-772-gac08f70 (webtiles) character file.

6171 tsouns the Covert (level 10, 0/79 HPs)
             Began as a Vampire Berserker on July 16, 2018.
             Was an Elder of Trog.
             Slain by a yak (6 damage)
             ... on level 9 of the Dungeon on July 17, 2018.
             The game lasted 00:23:57 (8890 turns).

tsouns the Covert (Vampire Berserker)               Turns: 8890, Time: 00:23:58

Health: 0/79       AC: 10    Str: 19    XL:     10   Next: 60%
Magic:  10/10      EV: 14    Int: 11    God:    Trog [****..]
Gold:   506        SH:  0    Dex: 13    Spells: 9/9 levels left

rFire    . . .     SeeInvis +   a - +1 falchion
rCold    + . .     Gourm    .   (no shield)
rNeg     + . .     Faith    .   i - +1 ring mail
rPois    .         Spirit   .   s - +1 helmet
rElec    .         Reflect  .   B - +1 cloak
rCorr    .         Harm     .   (no gloves)
MR       +....                  (no boots)
Stlth    ++++......             H - amulet of regeneration
HPRegen  0.83/turn              G - ring of protection from cold
MPRegen  0.12/turn              w - ring of positive energy

@: regenerating quickly
A: fangs 3, see invisible, unbreathing
a: Berserk, Trog's Hand, Brothers in Arms, Renounce Religion


You were on level 9 of the Dungeon.
You worshipped Trog.
Trog was greatly pleased with you.
You were full.

You visited 1 branch of the dungeon, and saw 9 of its levels.
You also visited: Ossuary.

You collected 506 gold pieces.

Inventory:

Hand Weapons
 a - a +1 falchion (weapon)
Missiles
 e - 6 poisoned javelins
 l - 223 stones
 q - 7 tomahawks
 y - 6 steel javelins (quivered)
Armour
 b - a +0 large shield
 i - a +1 ring mail (worn)
 s - a +1 helmet (worn)
 v - a +0 plate armour
 B - a +1 cloak (worn)
Jewellery
 o - an uncursed amulet of guardian spirit
 w - a ring of positive energy (right hand)
 G - a ring of protection from cold (left hand)
 H - an amulet of regeneration (around neck)
Wands
 c - a wand of flame (15)
 d - a wand of polymorph (12)
 F - a wand of enslavement (6)
 I - a wand of paralysis (9)
Scrolls
 j - 2 scrolls of remove curse
 k - 5 scrolls of teleportation
 m - 6 scrolls of enchant weapon
 x - a scroll of holy word
 z - 2 scrolls of blinking
 K - a scroll of immolation
Potions
 f - 4 potions of curing
 g - 4 potions of lignification
 h - a potion of might
 n - a potion of heal wounds
 p - 3 potions of flight
 r - a potion of invisibility
 t - 3 potions of ambrosia
 u - a potion of berserk rage
 A - 2 potions of mutation
 C - 2 potions of agility
 D - 3 potions of cancellation {unknown}
 E - a potion of experience {unknown}


   Skills:
 + Level 7.0 Fighting
 + Level 9.7 Long Blades
 + Level 5.2 Throwing
 - Level 3.0 Armour
 + Level 6.3 Dodging
 + Level 10.2 Stealth


You had 9 spell levels left.
You didn't know any spells.
Your spell library contained the following spells:

 Spells                   Type           Power        Failure   Level  Hunger
 Magic Dart               Conj           #...         52%         1    ##.....
 Iskenderun's Mystic Bla  Conj           #.......     99%         4    #####..
 Regeneration             Chrm/Necr      #.........   87%         3    ####...
 Shroud of Golubria       Chrm/Tloc      #.........   65%         2    ###....
 Fulminant Prism          Conj/Hex       #.........   99%         4    #####..
 Dazzling Spray           Conj/Hex       #.....       87%         3    ####...
 Force Lance              Conj/Tloc      #.......     99%         4    #####..
 Infusion                 Chrm           #...         52%         1    ##.....
 Song of Slaying          Chrm           #.......     65%         2    ###....
 Spectral Weapon          Hex/Chrm       #.......     87%         3    ####...
 Searing Ray              Conj           #.....       65%         2    ###....


Dungeon Overview and Level Annotations

Branches:
Dungeon (9/15)             Temple (0/1) D:7
   Lair: D:8-11         Orc: D:9-12

Altars:
Cheibriados
Elyvilon
Fedhas
Hepliaklqana
Kikubaaqudgha
Makhleb
Okawaru
Ru
Sif Muna
Vehumet
Wu Jian
Zin
The Shining One

Annotations:
D:9 Grum


Innate Abilities, Weirdness & Mutations

Your natural rate of healing is unusually fast.
You have razor-sharp teeth.
You have supernaturally acute eyesight. (SInv)
You can survive without breathing.


Message History

You hit the yak.
The yak is lightly wounded.
The yak gores you!
* * * LOW HITPOINT WARNING * * *
You slash the yak!
The yak is moderately wounded.
The yak gores you!
* * * LOW HITPOINT WARNING * * *
You hit the yak.
The yak is heavily wounded.
Okay, then.
Okay, then.
Evoke which item? (* to show all) (? for menu, Esc to quit)
Aiming: Paralyse
Press: ? - help, Shift-Dir - straight line, f - yak
Aim: a yak (heavily wounded, chance to defeat MR: 46%)
The yak resists with some effort.
The yak gores you!
* * * LOW HITPOINT WARNING * * *
The yak gores you.
You die...

###.............#
#...............##
#.#'#########[....
#.#.........#.....
#.#.........#...(.
##########Y#.........#.....
#..........###'#######(....
#.........Y................
#.........@..######........
.............# #........
..# ###..........#
#§§...... ..# #..........#
#§§§§.... ..#
#..........######§§§§....
..#
#.......#####§§h§§§......
..#
#.......#§§§#§§§§§§......
..#
+.......#§§§§§§#######...
..#
#.......#§§§#§§§.....#...


You could see 2 yaks.

Vanquished Creatures
  2 two-headed ogres
  2 hippogriffs
  A spriggan (D:7)
  2 yaks (D:9)
  A naga (D:7)
  Edmund (D:4)
  An orc warrior (D:7)
  2 ice beasts
  3 phantoms
  2 necrophages
  2 ogres (D:9)
  2 centaurs
  5 bullfrogs
  14 scorpions
  4 killer bees (D:8)
  A howler monkey (D:7)
  A bullfrog zombie (D:8)
  3 crimson imps
  2 centaur zombies (Ossuary)
  A quasit (D:8)
  6 hounds
  3 orc wizards
  Crazy Yiuf (D:5)
  A human zombie (Ossuary)
  Jessica (D:3)
  3 iguanas
  4 worker ants
  A big kobold zombie (Ossuary)
  4 hound skeletons
  3 mummies (Ossuary)
  A worker ant zombie (D:5)
  Robin (D:4)
  5 scorpion zombies (Ossuary)
  6 gnolls
  13 adders
  2 shadow imps
  2 oozes
  An adder skeleton (D:8)
  A worm (D:3)
  2 dart slugs
  4 leopard geckos
  10 orcs
  6 giant cockroaches
  14 goblins
  7 hobgoblins
  19 jackals
  12 kobolds
  7 bats
  4 frilled lizards
  2 gnoll zombies (Ossuary)
  4 goblin zombies (Ossuary)
  4 hobgoblin zombies (Ossuary)
  2 kobold zombies (Ossuary)
  A leopard gecko skeleton (D:5)
  A leopard gecko zombie (D:7)
  2 orc zombies (Ossuary)
  A quokka skeleton (D:2)
  5 rats
218 creatures vanquished.

Vanquished Creatures (collateral kills)
  The ghost of EnegeticOcto the Cleaver, a novice DDFi of Makhleb (D:9)
  An ogre (D:9)
2 creatures vanquished.

Vanquished Creatures (others)
  A kobold zombie (Ossuary)
1 creature vanquished.

Grand Total: 221 creatures vanquished

Notes
Turn   | Place    | Note
-------+----------+-------------------------------------------
     0 | D:1      | tsouns the Vampire Berserker began the quest for the Orb.
     0 | D:1      | Reached XP level 1. HP: 17/17 MP: 1/1
   132 | D:1      | Reached XP level 2. HP: 17/23 MP: 2/2
   621 | D:1      | Upgraded the game from 0.22-a0-757-gdba82d8 to 0.22-a0-772-gac08f70
   693 | D:2      | Found an ancient bone altar of Kikubaaqudgha.
   737 | D:2      | Reached XP level 3. HP: 27/29 MP: 3/3
   813 | D:2      | Reached ** piety under Trog
   843 | D:2      | Found an ornate altar of the Wu Jian Council.
  1323 | D:3      | Reached XP level 4. HP: 35/35 MP: 4/4
  1346 | D:3      | Noticed a bullfrog
  1359 | D:3      | Killed a bullfrog
  1359 | D:3      | Reached XP level 5. HP: 20/41 MP: 5/5
  1476 | D:3      | Noticed Jessica
  1485 | D:3      | Killed Jessica
  1485 | D:3      | Reached skill level 1 in Throwing
  1637 | D:3      | Found a hazy altar of Hepliaklqana.
  1941 | D:3      | Reached *** piety under Trog
  2157 | D:3      | Found a burning altar of Makhleb.
  2163 | D:3      | Reached skill level 5 in Long Blades
  2163 | D:3      | Reached XP level 6. HP: 47/47 MP: 6/6
  2231 | D:4      | Noticed Edmund
  2247 | D:4      | Killed Edmund
  2247 | D:4      | Reached skill level 1 in Stealth
  2320 | D:4      | Found a radiant altar of Vehumet.
  2466 | D:4      | Reached skill level 2 in Stealth
  2494 | D:4      | Noticed Robin
  2521 | D:4      | Killed Robin
  2873 | D:5      | Entered Level 5 of the Dungeon
  2882 | D:5      | Found a sand-covered staircase.
  2886 | Ossuary  | Entered an ossuary
  2902 | Ossuary  | Reached XP level 7. HP: 47/53 MP: 5/7
  2990 | Ossuary  | Reached skill level 3 in Stealth
  3163 | Ossuary  | Received a gift from Trog
  3268 | Ossuary  | Reached skill level 4 in Stealth
  3291 | Ossuary  | Received a gift from Trog
  3317 | Ossuary  | Reached **** piety under Trog
  3425 | Ossuary  | Reached XP level 8. HP: 34/61 MP: 8/8
  3632 | Ossuary  | Reached skill level 5 in Stealth
  3906 | D:5      | Found a sacrificial altar of Ru.
  4049 | D:5      | Found a glowing silver altar of Zin.
  4049 | D:5      | Found a burning altar of Makhleb.
  4054 | D:5      | Found a white marble altar of Elyvilon.
  4056 | D:5      | Found a faded altar of an unknown god.
  4058 | D:5      | Found a glowing golden altar of the Shining One.
  4322 | D:5      | Noticed a hippogriff
  4337 | D:5      | Killed a hippogriff
  4337 | D:5      | Reached skill level 5 in Fighting
  4337 | D:5      | Reached skill level 6 in Stealth
  4370 | D:5      | Found a blossoming altar of Fedhas.
  4475 | D:5      | Found a radiant altar of Vehumet.
  4475 | D:5      | Found an iron altar of Okawaru.
  4478 | D:5      | Found a deep blue altar of Sif Muna.
  4567 | D:5      | Found a runed door.
  4571 | D:5      | Noticed Crazy Yiuf
  4585 | D:5      | Killed Crazy Yiuf
  5294 | D:6      | Found a snail-covered altar of Cheibriados.
  5588 | D:7      | You fall through a shaft!
  5593 | D:8      | Noticed a two-headed ogre
  5750 | D:7      | Reached XP level 9. HP: 61/68 MP: 9/9
  5847 | D:7      | Reached skill level 7 in Stealth
  5940 | D:7      | Noticed Duvessa
  5940 | D:7      | Noticed Dowan
  5942 | D:7      | Noticed Dowan
  5942 | D:7      | Dowan changed into Dowan the iguana
  5944 | D:7      | Noticed Duvessa
  5944 | D:7      | Duvessa changed into Duvessa the naga
  5953 | D:7      | Killed Dowan the iguana
  5965 | D:7      | Killed Duvessa the naga
  6051 | D:7      | Found a staircase to the Ecumenical Temple.
  6158 | D:7      | Received a gift from Trog
  6602 | D:8      | Reached skill level 8 in Stealth
  6678 | D:8      | Killed a two-headed ogre
  6678 | D:8      | Reached ***** piety under Trog
  6678 | D:8      | Reached skill level 5 in Dodging
  7309 | D:8      | Reached XP level 10. HP: 55/77 MP: 6/10
  7312 | D:8      | Reached skill level 9 in Stealth
  8150 | D:9      | Noticed Grum
  8332 | D:9      | Noticed a two-headed ogre
  8349 | D:9      | Killed a two-headed ogre
  8578 | D:9      | Found a runed door.
  8582 | D:9      | Noticed EnegeticOcto's ghost (novice DDFi)
  8604 | D:9      | Reached skill level 5 in Throwing
  8806 | D:9      | Killed EnegeticOcto's ghost
  8806 | D:9      | Reached skill level 10 in Stealth
  8890 | D:9      | Slain by a yak

Vault maps used:
D:1:      dpeg_arrival_shrine
D:2:      kiku_gazebo_pond_becter, lemuel_crystal_altar, first_ration
D:3:      nicolae_overflow_crystal_walls, serial_glass, glass_columns_b,
          glass_columns_c, item_on_display_a, due_unseen_surprise,
          kennysheep_nub, makhleb_blood_cavern_becter, uniq_jessica
D:4:      vehumet_altar_wand_db, uniq_robin, uniq_edmund
D:5:      marbit_many_paths, lemuel_coloured_pillars_altar,
          chequers_temple_overflow_minitemple, nicolae_overflow_hidden_temple,
          nicolae_ossuary_entry_false_entrances, uniq_crazy_yiuf_cottage
D:6:      kennysheep_mini
D:7:      minmay_temple_entry_nine_rooms, the_bakery, uniq_duvessa
D:8:      st_stairs_13
D:9:      lair_entry_dummy, ebering_ghost_inner_flame, uniq_grum
Ossuary:  ossuary_minmay_scorpions

Skill      XL: |  1  2  3  4  5  6  7  8  9 10 |
---------------+-------------------------------+-----
Fighting       | 3 4 5 6 7 |  7.0
Armour         | 2 3 |  3.0
Long Blades    | 4 5 6 7 8 9 |  9.7
Throwing       | 1 3 4 5 |  5.2
Dodging        | 3 5 6 |  6.3
Stealth        | 2 4 6 8 10 | 10.2

Action                   |  1- 3 |  4- 6 |  7- 9 | 10-12 || total
-------------------------+-------+-------+-------+-------++-------
Melee: Falchion          |   118 |   186 |   502 |   144 ||   950
       Bite              |    15 |    24 |    79 |    17 ||   135
Throw: Stone             |       |     6 |     1 |     1 ||     8
       Javelin           |       |       |     3 |     7 ||    10
Invok: Berserk           |     1 |     4 |    10 |     2 ||    17
       Brothers in Arms  |       |       |     1 |     1 ||     2
Evoke: Wand              |       |       |     7 |     7 ||    14
  Use: Scroll            |     9 |     7 |     6 |     2 ||    24
       Potion            |       |       |     5 |       ||     5
 Stab: Sleeping          |     1 |       |    11 |     3 ||    15
  Eat: Corpse            |    13 |    10 |    17 |     5 ||    45
Armor: Animal skin       |    14 |       |       |       ||    14
       Ring mail         |    40 |    63 |   152 |    29 ||   284
Dodge: Dodged            |    68 |   122 |   253 |    77 ||   520
       Rpst.: Falchion   |    21 |    36 |    68 |    23 ||   148

Table legend:
 A = Spawn XP
 B = Non-spawn XP
 C = Spawn XP percentage of total XP
 D = Spawn monster count
 E = Non-spawn monster count
 F = Spawn count percentage of total count
 G = Total turns spent on level
                    A         B        C        D         E        F      G
               +---------+---------+-------+---------+---------+-------+---------
         Total |       0 |    8817 |   0.0 |       0 |     220 |   0.0 |  8890
               +---------+---------+-------+---------+---------+-------+---------
           D:1 |       0 |      29 |   0.0 |       0 |      18 |   0.0 |   660
           D:2 |       0 |      64 |   0.0 |       0 |      24 |   0.0 |   631
           D:3 |       0 |     300 |   0.0 |       0 |      33 |   0.0 |  1017
           D:4 |       0 |     315 |   0.0 |       0 |      22 |   0.0 |   565
           D:5 |       0 |     576 |   0.0 |       0 |      11 |   0.0 |  1017
           D:6 |       0 |     134 |   0.0 |       0 |      11 |   0.0 |   809
           D:7 |       0 |    1357 |   0.0 |       0 |      28 |   0.0 |   904
           D:8 |       0 |    1901 |   0.0 |       0 |      18 |   0.0 |  1679
           D:9 |       0 |    3062 |   0.0 |       0 |      18 |   0.0 |   751
       Ossuary |       0 |    1079 |   0.0 |       0 |      37 |   0.0 |   857
               +---------+---------+-------+---------+---------+-------+---------
